 Dungeon Crawl Stone Soup version 0.17-a0-755-g4391640 (webtiles) character file.

164 lightmor the Chiller (level 5, 0/28 HPs)
             Began as a Deep Elf Ice Elementalist on Apr 22, 2015.
             Slain by an orc priest
             ... wielding a +0 club
              (5 damage)
             ... on level 3 of the Dungeon.
             The game lasted 00:17:36 (3292 turns).

lightmor the Chiller (Deep Elf Ice Elementalist)    Turns: 3292, Time: 00:17:36

Health: 0/28       AC:  2    Str:  5    XL:     5   Next: 21%
Magic:  2/13       EV: 13    Int: 23    God:
Gold:   63         SH:  0    Dex: 15    Spells: 4 memorised, 2 levels left

rFire  . . .     SeeInvis .     d - +3 dagger (holy)
rCold  . . .     Clarity  .     a - +0 robe
rNeg   . . .     SustAb   .     (no shield)
rPois  .         Gourm    .     (no helmet)
rElec  .         Spirit   .     (no cloak)
rCorr  .         Warding  .     (no gloves)
rMut   .         Stasis   .     (no boots)
MR     .....                    (no amulet)
Stlth  ++........               (no ring)
                                i - +2 ring of intelligence

@: about to teleport, not resistant to hostile enchantments, unstealthy
A: no striking features
a: no special abilities


You were on level 3 of the Dungeon.
You were hungry.

You visited 1 branch of the dungeon, and saw 3 of its levels.

You collected 63 gold pieces.

Inventory:

Hand weapons
 d - a +3 dagger of holy wrath (weapon)
Armour
 a - a +0 robe (worn)
Jewellery
 i - a +2 ring of intelligence (left hand)
Scrolls
 m - a scroll of identify
Potions
 f - a potion of resistance
 g - a potion of restore abilities
 h - 2 potions of haste
 l - a potion of magic {unknown}
Books
 b - a book of Frost

   Spells                             Type                      Level
   a - Freeze                         Ice                          1
   b - Throw Frost                    Conjuration/Ice              2
   c - Ozocubu's Armour               Charms/Ice                   3
   d - Throw Icicle                   Conjuration/Ice              4
   e - Summon Ice Beast               Ice/Summoning                4
   f - Condensation Shield            Ice                          4
Comestibles
 c - 2 bread rations
 j - 3 beef jerkies
 k - a meat ration


   Skills:
 + Level 3.0 Dodging
 + Level 2.6 Stealth
 + Level 4.4 Spellcasting
 + Level 1.8 Conjurations
 * Level 5.3 Ice Magic


You had 2 spell levels left.
You knew the following spells:

 Your Spells              Type           Power        Failure   Level  Hunger
a - Freeze                Ice            ####         1%          1    None
b - Throw Frost           Conj/Ice       ###...       3%          2    None
c - Summon Ice Beast      Ice/Summ       ###.....     38%         4    ####...
d - Ozocubu's Armour      Chrm/Ice       ###.....     12%         3    ##.....


Dungeon Overview and Level Annotations

Branches:
Dungeon (3/15)

Altars:
Fedhas
Nemelex Xobeh
Okawaru


Message History

Aiming: Freeze
Press: ? - help, Shift-Dir - straight line, f - orc priest
Aim: an orc priest, wielding a club You freeze the orc priest.
The orc priest is lightly wounded.
The orc priest mumbles some strange prayers to Beogh against you.
Something smites you!
Casting: Freeze
Confirm with . or Enter, or press ? or * to list all spells.
Aiming: Freeze
Press: ? - help, Shift-Dir - straight line, f/p - orc priest
Aim: an orc priest, wielding a club (lightly wounded)
You freeze the orc priest.
The orc priest is heavily wounded.
The orc priest calls down the wrath of Beogh upon you.
Something smites you!
* * * LOW HITPOINT WARNING * * *
As you read the scroll of teleportation, it crumbles to dust.
You feel strangely unstable. The orc priest hits you with a club.
You die...

#### # #$.
.. #o# #
#o# #@# #.#
#.#
#.#########
##
#.>......%.
..
#..#######.
#### #..#
.#......
#..#
#.#.#####
#..# #.#.#


You could see an orc priest and an orc.

Vanquished Creatures
  Natasha (thrice) (D:2)
  6 adders
  3 oozes
  A giant gecko (D:1)
  6 orcs (D:3)
  11 goblins
  6 hobgoblins
  A quokka (D:2)
  6 bats
  3 giant cockroaches
  3 giant newts
  9 kobolds
  5 rats
63 creatures vanquished.

Notes
Turn   | Place    | Note
--------------------------------------------------------------
     0 | D:1      | lightmor, the Deep Elf Ice Elementalist, began the quest for the Orb.
     0 | D:1      | Reached XP level 1. HP: 10/10 MP: 6/6
   273 | D:1      | Reached XP level 2. HP: 6/15 MP: 5/8
   456 | D:1      | Learned a level 2 spell: Throw Frost
   754 | D:1      | Reached skill level 4 in Ice Magic
   999 | D:2      | Reached XP level 3. HP: 19/19 MP: 5/10
  1507 | D:2      | Noticed Natasha
  1512 | D:2      | Killed Natasha
  1512 | D:2      | Reached XP level 4. HP: 15/24 MP: 8/11
  1619 | D:2      | Learned a level 4 spell: Summon Ice Beast
  1623 | D:2      | Learned a level 3 spell: Ozocubu's Armour
  1643 | D:2      | Found a blossoming altar of Fedhas.
  1647 | D:2      | Reached skill level 5 in Ice Magic
  1949 | D:2      | Noticed Natasha
  1950 | D:2      | Killed Natasha
  2029 | D:2      | Noticed Natasha
  2032 | D:2      | Killed Natasha
  2719 | D:3      | Found an iron altar of Okawaru.
  2827 | D:3      | Reached XP level 5. HP: 22/28 MP: 9/13
  3189 | D:3      | Found a sparkling altar of Nemelex Xobeh.
  3292 | D:3      | Slain by an orc priest

Action                   |  1- 3 |  4- 6 || total
-------------------------+-------+-------++-------
Melee: Unarmed           |     3 |     1 ||     4
 Cast: Freeze            |    31 |    28 ||    59
       Throw Frost       |    14 |    22 ||    36
  Use: Scroll            |     5 |     4 ||     9
  Eat: Chunk             |     2 |     5 ||     7
